 Dungeon Crawl Stone Soup version 0.27.1-4-g1640c2035a (webtiles) character file.

Game seed: 4305576000100241667

80 BinkBink the Firebug (level 4, -8/24 HPs)
             Began as a Deep Elf Fire Elementalist on Nov 4, 2021.
             Shot with an arrow by a centaur (12 damage)
             ... on level 6 of the Dungeon.
             The game lasted 00:07:19 (2459 turns).

BinkBink the Firebug (Deep Elf Fire Elementalist)   Turns: 2459, Time: 00:07:20

Health: -8/24      AC:  4    Str:  5    XL:     4   Next: 18%
Magic:  8/12       EV: 13    Int: 21    God:
Gold:   24         SH:  0    Dex: 15    Spells: 8/11 levels left

rFire    + . .     SeeInvis .   (no weapon)
rCold    x . .     Faith    +   (no shield)
rNeg     . . .     Spirit   .   a - +0 robe
rPois    .         Reflect  .   c - +1 helmet
rElec    .         Harm     .   (no cloak)
rCorr    .         Rampage  .   (no gloves)
Will     .....                  (no boots)
Stlth    ++........             j - amulet of faith
HPRegen  0.08/turn              d - ring of fire
MPRegen  0.13/turn              (no ring)

@: no status effects
A: no striking features
a: no special abilities


You were on level 6 of the Dungeon.
You visited 1 branch of the dungeon, and saw 4 of its levels.

You collected 122 gold pieces.
You spent 98 gold pieces at shops.

Inventory:

Armour
 a - a +0 robe (worn)
 c - a +1 helmet (worn)
Jewellery
 d - a ring of fire (left hand)
 j - an amulet of faith (around neck)
Wands
 m - a wand of iceblast (10)
Scrolls
 b - a scroll of enchant armour {unknown}
 k - a scroll of magic mapping {unknown}
 n - a scroll of fog
 o - a scroll of noise
Potions
 e - a potion of lignification
 f - a potion of heal wounds
 g - a potion of curing
 i - 3 potions of invisibility
 l - a potion of magic {unknown}


   Skills:
 + Level 2.8 Dodging
 + Level 2.5 Stealth
 + Level 4.1 Spellcasting
 + Level 1.8 Conjurations
 * Level 0.1 Summonings
 + Level 4.4 Fire Magic


You had 8 spell levels left.
You knew the following spells:

 Your Spells              Type           Power      Damage    Failure   Level
a - Foxfire               Conj/Fire      100%       2x1d9     3%          1
b - Call Imp              Summ           4%         N/A       17%         2

Your spell library contained the following spells:

 Spells                   Type           Power      Damage    Failure   Level
 Magic Dart               Conj           48%        1d5       5%          1
 Conjure Flame            Conj/Fire      26%        6-21      10%         3
 Inner Flame              Hex/Fire       20%        N/A       14%         3
 Mephitic Cloud           Conj/Pois/Air  6%         N/A       28%         3
 Sticky Flame             Conj/Fire      26%        2d5       32%         4
 Fireball                 Conj/Fire      13%        3d7       65%         5


Dungeon Overview and Level Annotations

Branches:
Dungeon (3/15)

Altars:

Shops:
D:3 ?


Message History

The arrow hits you!
Ouch! That really hurt!
Casting: Call Imp (safe; 17% risk of failure)
Confirm with . or Enter, or press ? or * to list all spells.
A beastly little devil appears in a puff of frigid air.
Your white imp says, "Let's raise destruction!"
The ufetubus barely misses your crimson imp.
The ufetubus hits your crimson imp but does no damage.
The centaur shoots an arrow.
The arrow hits you.
The ufetubus hits your crimson imp but does no damage.
The ufetubus closely misses your crimson imp.
The centaur shoots an arrow.
The arrow barely misses you.
The ufetubus closely misses your crimson imp.
The ufetubus barely misses your crimson imp.
Your crimson imp barely misses the ufetubus.
The howler monkey zombie closely misses you.
Your white imp gestures at the ufetubus.
The puff of frost hits the howler monkey zombie.
The howler monkey zombie resists.
The ufetubus closely misses your crimson imp. x2
The centaur shoots an arrow.
The arrow completely misses you.
Your crimson imp hits the ufetubus.
The howler monkey zombie closely misses you.
The ufetubus barely misses your crimson imp.
The ufetubus closely misses your crimson imp.
The centaur shoots an arrow.
The arrow hits you.
* * * LOW HITPOINT WARNING * * *
You swap places.
The ufetubus closely misses your crimson imp.
The ufetubus barely misses your crimson imp.
Your crimson imp hits the ufetubus.
The howler monkey zombie hits you.
* * * LOW HITPOINT WARNING * * *
The centaur shoots an arrow.
The arrow barely misses your white imp. The arrow closely misses you.
Something misses your crimson imp. x2; The centaur shoots an arrow.
The arrow closely misses you.
Your crimson imp blinks!
The centaur shoots an arrow.
The arrow hits you!
Ouch! That really hurt!
You die...

## c.
##+######
#5..Z@.#
#?#..#.#
#......#
#....5.#
#.#.5#.#
#......#.
#c########
#. ..


You could see 2 centaurs, an ufetubus, a howler monkey zombie and a friendly
crimson imp (summoned).

Vanquished Creatures
  2 adders (D:2)
  3 worms (D:2)
  2 dart slugs
  3 ball pythons
  4 bats
  6 endoplasms
  3 giant cockroaches (D:2)
  3 hobgoblins
  4 jackals (D:2)
  A quokka (D:3)
  2 frilled lizards (D:2)
  5 goblins
  5 kobolds
43 creatures vanquished.

Vanquished Creatures (collateral kills)
  2 foxfires (D:2)
2 creatures vanquished.

Vanquished Creatures (others)
  170 foxfires
170 creatures vanquished.

Grand Total: 215 creatures vanquished

Notes
Turn   | Place    | Note
-------+----------+-------------------------------------------
     0 | D:1      | BinkBink the Deep Elf Fire Elementalist began the quest for
                  | the Orb.
     0 | D:1      | Reached XP level 1. HP: 10/10 MP: 6/6
   313 | D:1      | Reached XP level 2. HP: 15/15 MP: 4/8
  1369 | D:2      | Reached XP level 3. HP: 19/19 MP: 3/10
  2111 | D:2      | Reached XP level 4. HP: 24/24 MP: 7/12
  2312 | D:2      | Learned a level 2 spell: Call Imp
  2402 | D:3      | Found Sozod's Magic Scroll Shop.
  2411 | D:3      | Bought a scroll of identify for 28 gold pieces
  2411 | D:3      | Bought a scroll of fog for 28 gold pieces
  2411 | D:3      | Bought a scroll of identify for 28 gold pieces
  2411 | D:3      | Bought a scroll of noise for 14 gold pieces
  2452 | D:3      | You fall into a shaft and drop 3 floors!
  2452 | D:6      | Noticed a centaur
  2454 | D:6      | Noticed a centaur
  2459 | D:6      | Shot with an arrow by a centaur

Illustrated notes

Levels and vault maps discovered:
D:1:      tarquinn_simple_flora_water_f, layout_basic, serial_bayou_pond_d
D:2:      cheibrodos_old_hovel, layout_rooms
D:3:      layout_loops_corners, serial_shops, nicolae_shop_crystal
D:6:      minmay_clustersquares, layout_rooms, doesnt_xom_only_xom,
          kennysheep_little_box, minivault_10, uniq_duvessa

Skill      XL: |  1  2  3 |
---------------+----------+-----
Fire Magic     | 4 |  4.4
Spellcasting   | 4 |  4.1
Dodging        | |  2.8
Stealth        | |  2.5
Conjurations   | |  1.8
Summonings     | |  0.1

Action                   |  1- 3 |  4- 6 || total
-------------------------+-------+-------++-------
 Cast: Foxfire           |   102 |     8 ||   110
       Call Imp          |       |     2 ||     2
  Use: Scroll            |       |     4 ||     4
Armor: Robe              |     1 |       ||     1
Dodge: Dodged            |     6 |     6 ||    12
